AoeStats
← Victor Gideon

Black Forest

510699994Analyzed
3v3 RM · 1d ago on Oct 2, 2026· 53m 14s· 6 players
Game mode
Random Map
Map size
Normal (6 player)
Population
200
Speed
Normal
Resources
Standard
Victory
Conquest
Starting age
Dark Age
Ending age
Imperial Age
RankedLock teamsTeams togetherTeam positionsShared explorationLock speedFull tech treeHidden civsTurbo modeCheats
Victory
Defeat
🇵🇱 Vikings · Poland
616
+19
🇮🇩 Tupi · Indonesia
606
+19
🇺🇸 Britons · United States
540
+22
🇮🇳 Khmer · India
799
-25
🇳🇿 Celts · New Zealand
756
-23
🇰🇷 Britons · South Korea
478
-12
Victor Gideon
1:03 Loom
12:40 Feudal Age
13:44 Double-Bit Axe
14:31 Horse Collar
21:41 Padded Archer Armor
23:26 Scale Mail Armor
26:14 Castle Age
28:30 Caravan
29:42 Bow Saw
29:57 Heavy Plow
30:28 Stone Mining
30:29 Gold Mining
32:13 Chain Mail Armor
33:26 Gold Shaft Mining
35:57 Forging
35:37 Fletching
40:14 Imperial Age
40:30 Imperial Age
38:42 Chieftains
39:56 Iron Casting
41:19 Bodkin Arrow
42:24 Blast Furnace
41:23 Elite Berserk
43:13 Crop Rotation
43:47 Two-Man Saw
46:18 Bracer
46:51 Light Cavalry
51:26 Plate Mail Armor
51:02 Scale Barding Armor
52:49 Chemistry
51:46 Murder Holes
51:42 Heated Shot
51:32 Treadmill Crane
54:01 Ballistics
Donny
0:35 Loom
12:38 Feudal Age
18:27 Man-at-Arms
18:56 Arson
20:49 Fishing Lines
28:52 Castle Age
28:44 Stone Mining
31:20 Gold Mining
35:15 Horse Collar
35:48 Double-Bit Axe
37:29 Husbandry
38:14 Wheelbarrow
37:24 Town Watch
38:06 Bow Saw
37:59 Heavy Plow
38:37 Gold Shaft Mining
39:04 Yeomen
39:04 Squires
38:25 Pikeman
38:51 Gambesons
38:26 Long Swordsman
43:06 Imperial Age
43:01 Hand Cart
43:03 Padded Archer Armor
42:54 Fletching
43:04 Scale Mail Armor
43:10 Scale Barding Armor
43:16 Forging
43:14 Caravan
43:18 Gillnets
46:58 Cavalier
48:57 Conscription
50:44 Light Cavalry
BlueGuardian
7:05 Loom
12:47 Feudal Age
13:29 Horse Collar
13:35 Double-Bit Axe
13:32 Fishing Lines
21:20 Castle Age
19:13 Stone Mining
19:14 Gold Mining
20:10 Wheelbarrow
19:52 Forging
19:44 Scale Mail Armor
21:24 Fletching
22:22 Heavy Plow
22:33 Bow Saw
22:15 Gillnets
21:50 Champi Runner
23:05 Caravan
23:47 Gold Shaft Mining
23:27 Padded Archer Armor
23:59 Champi Warrior
27:05 Treadmill Crane
30:48 Imperial Age
29:39 Iron Casting
29:38 Ballistics
29:25 Caciques
30:42 Bodkin Arrow
31:21 Hand Cart
31:22 Pikeman
32:24 Squires
32:58 Elite Champi Warrior
33:59 Arson
35:15 Leather Archer Armor
36:52 Elite Blackwood Archer
39:07 Curare
39:40 Conscription
39:55 Chain Mail Armor
40:52 Bracer
52:28 Plate Mail Armor
kim
5:58 Loom
12:26 Feudal Age
19:40 Double-Bit Axe
22:52 Castle Age
21:12 Man-at-Arms
23:46 Elite Skirmisher
26:31 Crossbowman
28:30 Wheelbarrow
28:56 Gold Mining
30:49 Town Watch
31:48 Gold Shaft Mining
31:35 Stone Mining
32:33 Bow Saw
33:36 Squires
33:21 Arson
34:50 Horse Collar
36:32 Hand Cart
36:18 Town Patrol
36:25 Town Patrol
36:57 Hand Cart
40:32 Caravan
40:49 Padded Archer Armor
40:43 Fletching
41:03 Padded Archer Armor
Lord Humungus
0:46 Loom
15:30 Feudal Age
17:49 Wheelbarrow
16:56 Horse Collar
17:05 Double-Bit Axe
17:03 Fishing Lines
17:15 Gold Mining
17:16 Stone Mining
26:47 Arson
28:06 Forging
27:57 Scale Mail Armor
30:00 Castle Age
31:02 Caravan
31:42 Hand Cart
31:32 Heavy Plow
31:46 Bow Saw
32:14 Stone Shaft Mining
32:16 Gold Shaft Mining
31:43 Gillnets
31:48 Pikeman
33:06 Iron Casting
32:47 Chain Mail Armor
33:39 Town Watch
37:00 Fortified Wall
36:47 Murder Holes
37:13 Ballistics
39:36 Imperial Age
38:24 Town Patrol
38:31 Stronghold
39:38 Onager
39:40 Capped Ram
40:43 Conscription
40:34 Furor Celtica
39:47 Heavy Scorpion
41:47 Siege Ram
42:50 Halberdier
45:11 Elite Woad Raider
52:45 Plate Mail Armor
53:35 Blast Furnace
Hyper Tekken
14:20 Feudal Age
14:41 Horse Collar
15:05 Double-Bit Axe
20:08 Castle Age
20:45 Forging
20:40 Scale Barding Armor
20:26 Fletching
20:36 Padded Archer Armor
21:11 Caravan
21:38 Gold Mining
23:26 Husbandry
23:36 Bloodlines
25:02 Iron Casting
24:47 Chain Barding Armor
26:01 Chain Barding Armor
25:25 Elite Skirmisher
31:07 Heavy Plow
33:11 Wheelbarrow
32:22 Town Watch
35:28 Imperial Age
35:44 Bodkin Arrow
36:04 Leather Archer Armor
36:10 Hand Cart
35:56 Town Patrol
35:41 Loom
36:16 Bow Saw
37:23 Elite Ballista Elephant
38:34 Double Crossbow
42:47 Murder Holes
43:12 Ballistics
43:53 Chemistry
47:53 Siege Engineers
50:52 Elite Battle Elephant
52:36 Blast Furnace
52:11 Plate Barding Armor
51:36 Bracer
52:07 Ring Archer Armor
53:41 Herbal Medicine
Connection lost

Rejoining the realm…

Still unreachable

The connection could not be restored.

Session expired

The server has moved on; the page needs a fresh start.